 Dungeon Sprint DCSS version 0.17-a0-1115-g0372368 (webtiles) character file.

9643 Eglamore the Warrior (level 11, 0/127 HPs)
             Began as a Gargoyle Berserker on May 23, 2015.
             Was the Champion of Trog.
             Slain by a hill giant
             ... wielding a +0 giant club
              (21 damage)
             ... in the Dungeon (Sprint IX: "|||||||||||||||||||||||||||||").
             The game lasted 00:08:08 (1406 turns).

Eglamore the Warrior (Gargoyle Berserker)           Turns: 1406, Time: 00:08:08

Health: 0/127      AC: 25    Str: 32    XL:     11   Next: 49%
Magic:  3/3        EV: 11    Int:  8    God:    Trog [******]
Gold:   1025       SH:  0    Dex:  9    Spells: 0 memorised, 10 levels left

rFire  . . .     SeeInvis .     b - +5 morningstar (antimagic)
rCold  . . .     Clarity  .     q - +2 ring mail
rNeg   + . .     SustAt   .     (no shield)
rPois  ∞         Gourm    .     x - +0 helmet
rElec  +         Spirit   .     a - +0 cloak
rCorr  .         Warding  .     (no gloves)
rMut   .         NoTele   +     p - +0 pair of boots
MR     .....                    (no amulet)
Stlth  ..........               s - +2 ring of protection
                                r - +3 ring of strength

@: berserking, very quick, not resistant to hostile enchantments, extremely
unstealthy
A: negative energy resistance 1, electricity resistance, unbreathing,
petrification resistance, rot immunity, AC +7
a: Burn Spellbooks, Berserk, Trog's Hand, Brothers in Arms, Renounce Religion


You were in the Dungeon.
You worshipped Trog.
Trog was exalted by your worship.
You were not hungry.

You visited 1 branch You collected 1025 gold pieces.

Inventory:

Hand weapons
 b - a +5 antimagic morningstar (weapon)
 n - the +2 scimitar of Armageddon {antimagic, +Rage rElec rN+ Int-5}
   (You found it in the Dungeon)

   It disrupts the flow of magical energy around spellcasters and certain
   magical creatures (including the wielder).
   It affects your intelligence (-5).
   It insulates you from electricity.
   It protects you from negative energy.
   It lets you go berserk.
Armour
 a - a +0 cloak (worn)
 p - a +0 pair of boots (worn)
 q - a +2 ring mail (worn)
 x - a +0 helmet (worn)
Jewellery
 r - a +3 ring of strength (left hand)
 s - a +2 ring of protection (right hand)
Magical devices
 m - a wand of draining (7)
 y - a wand of fireball (12)
Scrolls
 i - 3 scrolls of blinking
 l - 4 scrolls of remove curse
 u - 3 scrolls of fear
 v - a scroll of recharging
Potions
 d - 7 potions of curing
 e - 7 potions of heal wounds
 f - a potion of haste
 g - 4 potions of magic
 h - a potion of berserk rage
 k - a potion of invisibility
 t - a potion of might
 z - 2 potions of lignification {unknown}
Comestibles
 c - 13 bread rations
 j - 7 chunks of flesh
 o - 40 fruits
 w - 12 meat rations


   Skills:
 + Level 17.0 Fighting
 + Level 15.8 Maces & Flails
 + Level 16.5 Armour
 - Level 2.2 Dodging


You had 10 spell levels left.
You didn't know any spells.

Dungeon Overview and Level Annotations

Branches:
Dungeon (1/1)

Altars:
Cheibriados
Dithmenos
Elyvilon
Fedhas
Gozag
Kikubaaqudgha
Makhleb
Nemelex Xobeh
Okawaru
Qazlal
Ru
Sif Muna
Trog
Vehumet
Xom
Yredelemnul
Zin
The Shining One
Beogh
Jiyva
Lugonu

Shops:
D *


Innate Abilities, Weirdness & Mutations

You are resistant to torment.
Your stone body is resilient (AC +7).
You are immune to poison.
You resist negative energy.
You are resistant to electric shocks.
You can survive without breathing.
You are immune to petrification.
You are immune to rotting.


Message History

The ogre mage gestures wildly while chanting.
The ogre mage flickers and vanishes!
Deactivating autopickup; reactivate with Ctrl-A.
You hit the ettin.
The ettin is almost dead.
You are too berserk!
There isn't anything here!
You impale the ettin!!
You kill the ettin!
Trog accepts your kill.
Your Fighting skill increases to level 17!
An ogre mage comes into view.
The ogre mage shouts!
You bludgeon the hill giant!!
The hill giant is moderately wounded.
You bludgeon the hill giant!!
The hill giant is severely wounded.
The ogre mage casts a spell at something.
The hill giant hits you with a giant club!!
You die...

+,,,,,,,,,+≈≈≈,,,,,,+,,,,,,,,,+,,
*********************************
,,,,,,,,,,,,,,,,,,,,,,,,,,,,,,,,,
*********************************
,,,,,,,,,,,,,+,,,,,,,,,,,,,,,,,,,
*********************************
,,,,,,,,,,,,,,,,,,,,,,,,,,,,,,,,,
*********▓▓▓▓▓▓▓▓▓▓▓▓▓▓▓▓▓▓▓▓▓▓▓▓
,,,∩,∩,∩,O{T$TOC@...))((())))....
▓▓▓▓▓▓▓▓▓▓▓▓▓▓▓▓▓▓▓▓▓▓▓▓▓▓▓▓▓▓▓▓▓
...............................(.
▓▓▓▓▓▓▓▓▓▓▓▓▓▓▓▓▓▓▓▓▓▓▓▓▓▓▓▓▓▓▓▓▓
.'..[......†..).........'..).....
▓▓▓▓▓▓▓▓▓▓▓▓▓▓▓▓▓▓▓▓▓▓▓▓▓▓▓▓▓▓▓▓▓
.................................
▓▓▓▓▓▓▓▓▓▓▓▓▓▓▓▓▓▓▓▓▓▓▓▓▓▓▓▓▓▓▓▓▓
......).[...)|?.'________________


You could see a hill giant, 2 ogre magi and 2 trolls.

Vanquished Creatures
  An ettin (D)
  2 hydras (D)
  Sonja (D)
  A hill giant (D)
  An orc sorcerer (D)
  An ugly thing (D)
  A spiny frog (D)
  A gargoyle (D)
  A fire drake (D)
  A boulder beetle (D)
  A troll (D)
  A wolf (D)
  4 water moccasins (D)
  4 orc warriors (D)
  3 porcupines (D)
  3 giant frogs (D)
  A wight (D)
  5 orc wizards (D)
  An orc priest (D)
  A worker ant (D)
  A shadow imp (D)
  An adder zombie (D)
  A worm (D)
  9 orcs (D)
  A goblin (D)
  2 bats (D)
  2 giant newts (D)
  2 kobolds (D)
  A quokka skeleton (D)
  3 rats (D)
58 creatures vanquished.

Vanquished Creatures (collateral kills)
  2 dire elephants (D)
  An orc knight (D)
  6 elephants (D)
  A spiny frog (D)
  A komodo dragon (D)
  3 orc warriors (D)
  An orc wizard (D)
  An orc (D)
16 creatures vanquished.

Vanquished Creatures (others)
  A troll (D)
  A yak (D)
2 creatures vanquished.

Grand Total: 76 creatures vanquished

Notes
Turn   | Place    | Note
--------------------------------------------------------------
     0 | D        | Eglamore the Gargoyle Berserker began the quest for the Orb.
     0 | D        | Reached XP level 1. HP: 14/14 MP: 1/1
     8 | D        | Acquired Trog's second power
    55 | D        | Noticed a worker ant
    57 | D        | Reached skill level 4 in Fighting
    61 | D        | Reached XP level 2. HP: 20/20 MP: 2/2
    63 | D        | Killed a worker ant
    63 | D        | Reached skill level 5 in Fighting
    63 | D        | Reached XP level 3. HP: 26/26 MP: 3/3
    65 | D        | Acquired Trog's third power
   113 | D        | Found a glowing silver altar of Zin.
   113 | D        | Found a glowing golden altar of the Shining One.
   113 | D        | Found an ancient bone altar of Kikubaaqudgha.
   113 | D        | Found a basalt altar of Yredelemnul.
   113 | D        | Found a shimmering altar of Xom.
   113 | D        | Found a radiant altar of Vehumet.
   114 | D        | Found an iron altar of Okawaru.
   115 | D        | Found a burning altar of Makhleb.
   116 | D        | Found a deep blue altar of Sif Muna.
   117 | D        | Found a bloodstained altar of Trog.
   118 | D        | Found a sparkling altar of Nemelex Xobeh.
   119 | D        | Found a white marble altar of Elyvilon.
   120 | D        | Found a roughly hewn altar of Beogh.
   121 | D        | Found a viscous altar of Jiyva.
   122 | D        | Found a corrupted altar of Lugonu.
   123 | D        | Found a blossoming altar of Fedhas.
   124 | D        | Found a snail-covered altar of Cheibriados.
   125 | D        | Found a shadowy altar of Dithmenos.
   126 | D        | Found a stormy altar of Qazlal.
   127 | D        | Found an opulent altar of Gozag.
   128 | D        | Found a sacrificial altar of Ru.
   145 | D        | Got the +2 scimitar of Armageddon {antimagic, +Rage rElec rN+ Int-5}
   184 | D        | Noticed a giant frog
   184 | D        | Noticed a hill giant
   184 | D        | Noticed a gargoyle
   191 | D        | Killed a gargoyle
   191 | D        | Reached skill level 9 in Fighting
   191 | D        | Reached XP level 4. HP: 36/36 MP: 4/4
   191 | D        | Reached XP level 5. HP: 41/41 MP: 5/5
   191 | D        | Reached XP level 6. HP: 46/46 MP: 6/6
   196 | D        | Killed a hill giant
   196 | D        | Reached skill level 11 in Fighting
   196 | D        | Reached skill level 10 in Maces & Flails
   196 | D        | Reached skill level 10 in Armour
   196 | D        | Reached XP level 7. HP: 54/54 MP: 7/7
   203 | D        | Killed a giant frog
   272 | D        | Noticed a wight
   272 | D        | Noticed a troll
   272 | D        | Noticed a brown ugly thing
   280 | D        | Killed a brown ugly thing
   280 | D        | Reached XP level 8. HP: 60/60 MP: 8/8
   289 | D        | Killed a troll
   289 | D        | Received a gift from Trog
   289 | D        | Reached skill level 12 in Fighting
   293 | D        | Killed a wight
   459 | D        | Noticed a six-headed hydra
   459 | D        | Noticed a porcupine
   459 | D        | Noticed a water moccasin
   459 | D        | Noticed a water moccasin
   459 | D        | Noticed a water moccasin
   459 | D        | Noticed a giant frog
   462 | D        | Killed a giant frog
   464 | D        | Noticed a wolf
   464 | D        | Killed a water moccasin
   466 | D        | Noticed a fire drake
   467 | D        | Killed a water moccasin
   467 | D        | Reached XP level 9. HP: 67/67 MP: 3/9
   470 | D        | Noticed a spiny frog
   474 | D        | Killed a six-headed hydra
   474 | D        | Reached skill level 13 in Fighting
   475 | D        | Killed a water moccasin
   475 | D        | Received a gift from Trog
   481 | D        | Killed a porcupine
   484 | D        | Killed a wolf
   487 | D        | Killed a fire drake
   487 | D        | Reached skill level 14 in Fighting
   491 | D        | Killed a spiny frog
   753 | D        | Noticed a water moccasin
   753 | D        | Noticed a six-headed hydra
   753 | D        | Noticed a boulder beetle
   753 | D        | Noticed a yak
   753 | D        | Noticed a komodo dragon
   753 | D        | Noticed a spiny frog
   756 | D        | Killed a spiny frog
   756 | D        | Reached XP level 10. HP: 60/75 MP: 3/10
   756 | D        | Killed a yak
   757 | D        | Killed a komodo dragon
   757 | D        | Received a gift from Trog
   760 | D        | Noticed a porcupine
   760 | D        | Noticed a giant frog
   764 | D        | Killed a boulder beetle
   771 | D        | Killed a six-headed hydra
   774 | D        | Killed a water moccasin
   774 | D        | Reached skill level 15 in Fighting
   775 | D        | Noticed a porcupine
   775 | D        | Killed a porcupine
   778 | D        | Killed a giant frog
   780 | D        | Killed a porcupine
   994 | D        | Noticed an elephant
   994 | D        | Noticed a dire elephant
   994 | D        | Noticed an elephant
   994 | D        | Noticed a dire elephant
   994 | D        | Noticed an elephant
   994 | D        | Noticed an elephant
   996 | D        | Killed an elephant
   997 | D        | Noticed an elephant
   998 | D        | Noticed an elephant
  1006 | D        | Killed a dire elephant
  1006 | D        | Reached skill level 15 in Armour
  1008 | D        | Killed a dire elephant
  1009 | D        | Killed an elephant
  1010 | D        | Killed an elephant
  1011 | D        | Killed an elephant
  1011 | D        | Reached skill level 16 in Fighting
  1011 | D        | Reached XP level 11. HP: 62/83 MP: 3/11
  1012 | D        | Killed an elephant
  1012 | D        | Received a gift from Trog
  1014 | D        | Killed an elephant
  1120 | D        | Noticed Sonja
  1139 | D        | Killed Sonja
  1139 | D        | Reached skill level 15 in Maces & Flails
  1249 | D        | Noticed an orc wizard
  1249 | D        | Noticed an orc wizard
  1249 | D        | Noticed an orc wizard
  1252 | D        | Killed an orc wizard
  1257 | D        | Killed an orc wizard
  1257 | D        | Received a gift from Trog
  1265 | D        | Killed an orc wizard
  1276 | D        | Received a gift from Trog
  1278 | D        | Noticed an orc wizard
  1280 | D        | Noticed an orc priest
  1284 | D        | Killed an orc wizard
  1290 | D        | Killed an orc priest
  1333 | D        | Noticed an orc warrior
  1333 | D        | Noticed an orc warrior
  1333 | D        | Noticed an orc warrior
  1333 | D        | Noticed an orc sorcerer
  1333 | D        | Noticed an orc wizard
  1333 | D        | Noticed an orc warrior
  1337 | D        | Killed an orc warrior
  1338 | D        | Noticed an orc warrior
  1343 | D        | Killed an orc sorcerer
  1343 | D        | Received a gift from Trog
  1345 | D        | Killed an orc warrior
  1346 | D        | Noticed an orc knight
  1349 | D        | Killed an orc warrior
  1350 | D        | Killed an orc wizard
  1351 | D        | Noticed an orc wizard
  1352 | D        | Noticed an orc warrior
  1354 | D        | Killed an orc warrior
  1355 | D        | Noticed an orc warrior
  1363 | D        | Killed an orc warrior
  1364 | D        | Killed an orc knight
  1367 | D        | Killed an orc warrior
  1367 | D        | Received a gift from Trog
  1367 | D        | Killed an orc warrior
  1368 | D        | Killed an orc wizard
  1399 | D        | Found Wuchu's General Store.
  1399 | D        | Noticed a troll
  1399 | D        | Noticed a troll
  1399 | D        | Noticed an ogre mage
  1399 | D        | Noticed a hill giant
  1399 | D        | Noticed an ettin
  1401 | D        | Noticed an ogre mage
  1404 | D        | Killed an ettin
  1404 | D        | Reached skill level 17 in Fighting
  1405 | D        | Noticed an ogre mage
  1406 | D        | Slain by a hill giant

Vault maps used:
D:        linesprint

Action                   |  1- 3 |  4- 6 |  7- 9 | 10-12 || total
-------------------------+-------+-------+-------+-------++-------
Melee: Mace              |    17 |       |       |       ||    17
       Dire flail        |     6 |     5 |    26 |       ||    37
       Morningstar       |       |       |    28 |    94 ||   122
Invok: Berserk           |     3 |       |     2 |     5 ||    10
       Brothers in Arms  |       |       |     1 |     2 ||     3
       Trog's Hand       |       |       |       |     1 ||     1
  Use: Scroll            |       |       |       |     1 ||     1
  Eat: Chunk             |       |       |     5 |     7 ||    12
